Nobbs, chaotic male elven Wizard --------- ........| |.-----.----------- |.| |...........| -f| -----------.| H@| .......| --- ------.| Nobbs the Magician Experience level: 11 Strength: 18 Dexterity: 13 Constitution: 16 Intelligence: 14 Wisdom: 17 Charisma: 11 Health: 0(82) Energy: 58(164) Def: 18 Gold: 282 Moves: 24743 Dungeon seed: d5bHsednbDVhBVM4 Game ID: Nobbs_1510493564 Your Inventory: Coins $ - 282 gold pieces Wands b - a wand of enlightenment (0:11) f - a wand of magic missile (0:4) g - a wand of cold (0:7) h - a wand of teleportation (0:3) k - a wand of cancellation (0:5) m - a cursed wand of nothing (0:6) s - a wand of opening (0:4) t - a wand of death (0:3) v - a wand of light (0:13) x - a wand of digging (0:3) C - a wand of lightning (0:4) G - a wand of polymorph (0:5) J - a wand of digging (0:3) Q - a wand of striking (0:5) R - a wand of magic missile (0:5) T - a wand of digging (0:7) Y - a wand of cold (0:5) Weapons a - a blessed +1 quarterstaff (weapon in hands) Armor e - an uncursed +0 cloak of magic resistance (being worn) q - a blessed +3 pair of low boots (being worn) r - a blessed greased +3 silver dragon scale mail (being worn) B - an uncursed rusty +0 helmet (being worn) N - an uncursed +0 pair of leather gloves (being worn) Comestibles o - an uncursed lizard corpse F - an uncursed tin of goblin meat S - 2 uncursed food rations Spellbooks A - an uncursed spellbook of identify Rings c - an uncursed ring of see invisible d - an uncursed ring of sustain ability i - an uncursed ring of shock resistance j - a cursed ring of searching l - an uncursed ring of searching u - an uncursed ring of shock resistance E - a blessed +1 ring of gain constitution H - a cursed ring of teleportation O - a cursed ring of aggravate monster W - a cursed ring of invisibility X - an uncursed ring of searching Tools n - a magic marker (0:10) p - 3 uncursed tallow candles (0:200) w - a +0 unicorn horn z - an uncursed skeleton key I - a blessed oil lamp (0:1354) K - a magic marker (0:51) L - an uncursed bag of holding M - a bag of tricks (0:1) P - an uncursed towel U - a +0 unicorn horn Z - an uncursed blindfold Gems y - an uncursed luckstone Contents of the bag of holding: 6155 gold pieces a cursed -2 pair of jumping boots a cursed -1 pair of levitation boots 3 uncursed tripe rations a blessed scroll of amnesia a cursed scroll of amnesia 4 uncursed scrolls of blank paper an uncursed scroll of confuse monster a cursed scroll of confuse monster 2 uncursed scrolls of create monster a blessed scroll of earth an uncursed scroll of earth 3 uncursed scrolls of enchant armor 2 cursed scrolls of enchant armor a blessed scroll of enchant weapon 2 cursed scrolls of enchant weapon an uncursed scroll of food detection a cursed scroll of gold detection an uncursed scroll of identify a cursed scroll of identify a blessed scroll of magic mapping a cursed scroll of magic mapping an uncursed scroll of punishment an uncursed scroll of remove curse 2 cursed scrolls of stinking cloud 7 uncursed scrolls of teleportation an uncursed spellbook of cause fear an uncursed spellbook of healing a cursed spellbook of light an uncursed spellbook of magic missile an uncursed spellbook of restore ability an uncursed spellbook of sleep 2 uncursed potions of booze 2 cursed potions of booze 2 uncursed potions of confusion 3 cursed potions of confusion an uncursed potion of extra healing 4 uncursed potions of fruit juice a cursed potion of gain energy an uncursed potion of gain level a cursed potion of gain level an uncursed potion of hallucination 2 uncursed potions of healing a potion of holy water an uncursed potion of invisibility 2 cursed potions of invisibility 2 uncursed potions of levitation an uncursed potion of monster detection a cursed potion of object detection an uncursed potion of polymorph an uncursed potion of restore ability 2 uncursed potions of see invisible an uncursed potion of sleeping an uncursed potion of speed 2 potions of unholy water 4 uncursed potions of water a can of grease (0:13) an uncursed leash an uncursed leather drum a +0 pick-axe an uncursed tin whistle a +0 unicorn horn an uncursed wax candle (0:400) Spells and supernatural/magical abilities: Name Level Category Fail Memory a - force bolt 1* attack 8% 0% c - cause fear 3* enchantment 18% 0% h - healing 1 healing 8% 61% i - invisibility 4 escape 100% 59% k - knock 1 matter 8% 85% m - magic missile 2 attack 0% 52% u - confuse monster 2 enchantment 8% 99% z - sleep 1* enchantment 8% 0% I - identify 3 divination 100% 100% R - restore ability 4 healing 100% 59% W - pray for help -- divine ? -- Your skills at the end: Fighting Skills Weapon Skills quarterstaff [Basic] Spellcasting Skills attack spells [Basic] enchantment spells [Basic] Final Attributes: You were piously aligned. You were fire resistant. You were sleep resistant. You were poison resistant. You were magic-protected. You were telepathic. You had infravision. You had reflection. You were lucky. You had extra luck. Bad luck did not time out for you. Good luck did not time out for you. You are dead. Vanquished creatures: a purple worm a baluchitherium a Nazgul a titanothere a trapper a lurker above 2 ettins a ghost a lieutenant 2 queen bees a giant mimic 2 fire giants an Elvenking 2 large mimics a wumpus 2 long worms 3 stalkers 2 air elementals a water elemental a black naga a giant zombie an elf-lord a sergeant 4 wargs 2 small mimics 4 glass piercers a warhorse 3 xans a quantum mechanic 4 trolls 2 sasquatches a gelatinous cube 2 pyrolisks a large dog 2 freezing spheres a flaming sphere 2 tigers 2 dwarf kings 4 tengu an ochre jelly a mountain centaur 6 stone giants 2 human mummies 2 pythons 2 wraiths 3 carnivorous apes 2 ettin zombies a chameleon 3 giant beetles a cockatrice 6 wolves 2 lynxes 2 panthers 2 leprechauns an iron piercer a giant spider a scorpion 2 ice vortices 2 black lights 2 forest centaurs 4 gnome kings an orc mummy 2 dwarf mummies an ogre a rust monster 2 yetis a gold golem a Green-elf 2 lizards a chickatrice a dog a dingo a housecat 2 jaguars 5 dwarf lords 3 white unicorns 2 dust vortices 2 ravens a plains centaur a gnome mummy 6 snakes 4 apes 2 rope golems 2 soldier ants a fire ant 11 bugbears a quasit a wood nymph 3 water nymphs a mountain nymph 15 Mordor orcs 10 Uruk-hai an orc shaman a rock piercer 3 rock moles 4 ponies 2 fog clouds 4 yellow lights 3 shriekers a violet fungus 20 gnome lords 7 gnomish wizards 6 kobold mummies a red naga hatchling a golden naga hatchling 2 gray oozes an elf zombie 2 straw golems 2 baby crocodiles 8 giant ants 16 floating eyes 3 kittens 23 dwarves a homunculus 2 kobold lords 4 kobold shamans 11 hill orcs 5 rothes 4 rabid rats a centipede a giant bat 3 orc zombies 5 dwarf zombies 2 wererats 3 werejackals 6 iguanas 34 killer bees an acid blob 2 coyotes 2 gas spores 11 hobbits 18 manes a large kobold 12 hobgoblins 3 giant rats a cave spider a brown mold 2 yellow molds 3 green molds 2 red molds 74 gnomes 11 garter snakes 10 geckos 12 jackals 3 foxes 4 kobolds 7 goblins 8 sewer rats 7 grid bugs 8 bats 8 lichens 3 kobold zombies 8 newts 619 creatures vanquished. Voluntary challenges: You had been an atheist until turn 2202. You used a wielded weapon 979 times, starting on turn 87. You read items or engraved 605 times, starting on turn 839. You never genocided any monsters. You never polymorphed an object. You never changed form. You used 1 wish, starting on turn 4993. You did not wish for any artifacts. You never split a pudding. You wrote Elbereth's name 523 times, starting on turn 839. You violated your moral code, losing 86 points of alignment, starting on turn 4343. Dungeon overview: The Dungeons of Doom: levels 1 to 23 Level 1 a long staircase Level 2 an armor shop, an altar to Anhur stairs to The Gnomish Mines Level 3 Level 4 a fountain, a sink Level 5 some fountains Level 6 a potion shop stairs to Sokoban Level 7 Level 8 a fountain Level 9 a general store, a fountain Level 10 a fountain Level 11 a fountain, a sink portal to The Quest Level 12 some altars to Ptah, a fountain Level 13 a fountain Level 14 Level 15 Level 16 Level 17 Level 18 Level 19 Level 20 Level 21 a general store, some fountains Level 22 Level 23 <- You were here The Gnomish Mines: levels 3 to 11 Level 3 stairs to The Dungeons of Doom Level 4 Level 5 many shops, a temple to Ptah, some fountains Level 6 Level 7 Level 8 Level 9 Level 10 Level 11 a fountain The Quest: Level 1 portal to The Dungeons of Doom Sokoban: levels 2 to 5 Level 2 Level 3 Level 4 Level 5 stairs to The Dungeons of Doom History has recorded: On T:1 you entered the Dungeons of Doom to retrieve the Amulet of Yendor! On T:195 you reached level 2 of The Dungeons of Doom. On T:225 you reached level 3 of The Dungeons of Doom. On T:364 you reached level 1 of The Gnomish Mines. On T:693 you reached level 4 of The Dungeons of Doom. On T:715 you reached level 5 of The Dungeons of Doom. On T:716 you advanced to experience level 2. On T:768 you advanced to experience level 3. On T:891 you reached level 6 of The Dungeons of Doom. On T:1588 you advanced to experience level 4. On T:1710 you advanced to experience level 5. On T:1794 you reached level 2 of The Gnomish Mines. On T:2742 you advanced to experience level 6. On T:2927 you reached level 3 of The Gnomish Mines. On T:4567 you advanced to experience level 7. On T:4993 you wished for "blessed fixed greased +3 silver dragon scale mail". On T:5702 you reached level 4 of The Gnomish Mines. On T:6113 you reached level 5 of The Gnomish Mines. On T:6328 you reached level 6 of The Gnomish Mines. On T:6471 you reached level 7 of The Gnomish Mines. On T:6495 you reached level 8 of The Gnomish Mines. On T:6745 you advanced to experience level 8. On T:7035 you reached level 9 of The Gnomish Mines. On T:10447 you reached level 7 of The Dungeons of Doom. On T:10489 you reached level 4 of Sokoban. On T:10731 you advanced to experience level 9. On T:11196 you reached level 3 of Sokoban. On T:12174 you reached level 2 of Sokoban. On T:12808 you reached level 1 of Sokoban. On T:13297 you reached level 8 of The Dungeons of Doom. On T:13889 you reached level 9 of The Dungeons of Doom. On T:14009 you reached level 10 of The Dungeons of Doom. On T:14466 you reached level 11 of The Dungeons of Doom. On T:14945 you reached level 1 of The Quest. On T:15211 you advanced to experience level 10. On T:15245 you reached level 12 of The Dungeons of Doom. On T:15997 you reached level 13 of The Dungeons of Doom. On T:16164 you reached level 14 of The Dungeons of Doom. On T:16457 you reached level 15 of The Dungeons of Doom. On T:17113 you reached level 16 of The Dungeons of Doom. On T:19978 you reached level 17 of The Dungeons of Doom. On T:20188 you reached level 19 of The Dungeons of Doom. On T:20500 you reached level 18 of The Dungeons of Doom. On T:20576 you advanced to experience level 11. On T:21755 you reached level 20 of The Dungeons of Doom. On T:23986 you reached level 21 of The Dungeons of Doom. On T:24473 you reached level 22 of The Dungeons of Doom. On T:24686 you reached level 23 of The Dungeons of Doom. Score breakdown: Gold: 6437 (12956 points) Experience: 11 levels (17616 points) Exploration: 23 levels ( 50.00%) (20976 points) Discoveries: 46 items ( 16.67%) (12247 points) Valuables value: (no points given unless you survive) Artifact value: 0 ( 0 points) Variety of kills: 153 monsters ( 40.16%) (19010 points) Turncount: 24743 turns (-3717 points) Survival: died (score multiplied by 80%) Total score: 63270 Latest messages: The purple worm digests you! (2x) You hit the purple worm! The purple worm digests you! You hit the purple worm! You hit the purple worm. The purple worm digests you! (2x) You hit the purple worm! The purple worm digests you! You hit the purple worm! You hit the purple worm. The purple worm digests you! (2x) You hit the purple worm! The purple worm digests you! You hit the purple worm! You kill the purple worm! You write in the dust with your fingers. The minotaur misses. The minotaur hits! The minotaur butts! You add to the writing in the dust with your fingers. The minotaur hits! You die... Final status: Goodbye Nobbs the Wizard, killed by a minotaur... You died in The Dungeons of Doom on dungeon level 23 with 63270 points, and 6437 pieces of gold, after 24743 moves. You were level 11 with a maximum of 82 hit points when you died.